Map: Ruines de Seras

Players

Wolf - Winner!

  • Race: Protoss Protoss
  • League: Gold

Sydalw - Winner!

  • Race: Protoss Protoss

JeanBond

  • Race: Zerg Zerg
  • League: Platinum

Rolls

  • Race: Zerg Zerg
  • League: Platinum

VOD

Have the link to the VOD?

Description

Time

  • Played on: April 1, 2016, 4:27 p.m.
  • Length: 10:07
Show
View Real Time Build Order
Export as new Build Order

Wolf Protoss - Winner!

Build Orders: Oracle Opening 

Get SALT Encoding   

  12  0:01  Probe (Chrono Boost)  
  13  0:12  Probe (Chrono Boost)  
  14  0:19  Pylon  
  14  0:23  Probe (Chrono Boost)  
  15  0:37  Probe (Chrono Boost)  
  16  0:47  Probe (Chrono Boost)  
  17  0:58  Probe (Chrono Boost)  
  18  1:08  Probe (Chrono Boost)  
  18  1:11  Nexus  
  19  1:22  Gateway  
  19  1:25  Probe (Chrono Boost)  
  20  1:34  Assimilator  
  20  1:36  Probe (Chrono Boost)  
  20  1:39  Assimilator  
  21  1:46  Probe (Chrono Boost)  
  22  1:58  Probe (Chrono Boost), Pylon  
  23  2:12  Cybernetics Core  
  23  2:16  Zealot  
  23  2:18  Probe (Chrono Boost)  
  26  2:27  Gateway  
  26  2:32  Probe x2 (Chrono Boost)  
  28  2:46  Probe x2 (Chrono Boost)  
  30  2:54  Stargate  
  30  2:57  Mothership Core (Chrono Boost)  
  32  2:59  Warp Gate  
  32  3:01  Probe (Chrono Boost)  
  33  3:09  Adept  
  33  3:12  Probe (Chrono Boost)  
  36  3:19  Probe (Chrono Boost)  
  37  3:22  Assimilator, Probe (Chrono Boost)  
  37  3:25  Assimilator  
  38  3:29  Adept, Probe (Chrono Boost)  
  38  3:33  Probe (Chrono Boost)  
  42  3:37  Oracle  
  42  3:41  Probe (Chrono Boost)  
  43  3:42  Pylon  
  46  4:00  Probe (Chrono Boost)  
  46  4:02  Probe (Chrono Boost)  
  48  4:04  Pylon  
  48  4:07  Gateway  
  48  4:08  Gateway  
  48  4:14  Probe (Chrono Boost)  
  48  4:16  Probe (Chrono Boost)  
  50  4:26  Probe x2 (Chrono Boost)  
  52  4:37  Probe (Chrono Boost)  
  54  4:38  Probe (Chrono Boost)  
  54  4:47  Void Ray  
  54  4:50  Probe (Chrono Boost)  
  54  4:51  Probe (Chrono Boost)  
  56  5:01  Probe (Chrono Boost)  
  56  5:02  Probe (Chrono Boost)  
  56  5:06  Stalker x2  
  62  5:14  Pylon  
  62  5:18  Pylon  
  62  5:19  Pylon  
  62  5:30  Void Ray  
  62  5:32  Probe (Chrono Boost)  
  62  5:34  Probe (Chrono Boost)  
  64  5:41  Stalker x3  
  64  5:42  Stalker  
  75  5:52  Stargate  
  75  5:53  Stargate  
  75  6:05  Stalker  
  75  6:10  Pylon  
  77  6:12  Pylon  
  77  6:14  Pylon  
  77  6:24  Fleet Beacon  
  77  6:29  Stalker x2  
  77  6:30  Stalker x2  
  85  6:37  Void Ray x2  
  85  6:39  Void Ray  
  97  6:56  Gateway  
  97  6:58  Probe (Chrono Boost), Pylon  
  97  6:59  Stalker  
  97  7:00  Probe (Chrono Boost), Pylon  
  101  7:04  Gateway  
  101  7:20  Zealot x3, Carrier  
  113  7:26  Probe (Chrono Boost)  
  113  7:27  Probe (Chrono Boost)  
  115  7:53  Nexus  
  115  7:56  Pylon  
  115  7:58  Pylon  
  115  8:06  Carrier  
  115  8:16  Carrier  
  127  8:25  Assimilator  
  127  8:27  Assimilator  
  127  8:33  Stalker x4  
  123  8:43  Probe (Chrono Boost)  
  123  8:44  Probe (Chrono Boost)  
  125  8:53  Probe (Chrono Boost)  
  133  8:56  Probe (Chrono Boost)  
  130  9:03  Forge  
  130  9:07  Graviton Catapult  
  130  9:15  Stalker  
  130  9:16  Stalker  
  134  9:18  Adept  
  132  9:49  Probe x2 (Chrono Boost)  
  132  9:50  Probe (Chrono Boost)  
  133  10:04  Pylon  
  139  10:05  Pylon  
Show
View Real Time Build Order
Export as new Build Order

Sydalw Protoss - Winner!

Build Orders:  

Get SALT Encoding   

  12  0:03  Drone  
  13  0:12  Overlord  
  13  0:20  Drone  
  14  0:25  Extractor  
  14  0:26  Drone  
  15  0:33  Drone  
  16  0:37  Drone  
  17  0:58  Hatchery  
  17  1:03  Drone  
  17  1:07  Extractor  
  16  1:19  Spawning Pool  
  15  1:27  Drone x2  
  15  1:32  Drone  
  18  1:42  Drone  
  19  1:50  Overlord  
  19  2:06  Queen  
  21  2:10  Queen  
  23  2:17  Zergling x2  
  23  2:20  Drone x2  
  23  2:22  Drone  
  27  2:25  Drone  
  28  2:34  Drone x2  
  30  2:49  Extractor, Drone x2  
  31  2:53  Drone x2  
  31  2:58  Roach Warren  
  32  3:07  Drone x2  
  34  3:14  Metabolic Boost  
  34  3:16  Overlord  
  34  3:19  Overlord  
  34  3:22  Overlord  
  34  3:31  Drone x2  
  36  3:45  Drone x3  
  36  3:46  Drone x2  
  41  3:50  Overlord x2  
  41  3:51  Overlord  
  41  4:06  Zergling x4, Roach x2  
  41  4:07  Roach  
  49  4:10  Roach  
  51  4:23  Roach x4  
  60  4:24  Zergling x2  
  60  4:32  Zergling x2, Roach x2  
  60  4:36  Roach  
  66  4:42  Lair  
  65  4:51  Spore Crawler  
  64  4:57  Drone x2  
  65  5:01  Roach, Spore Crawler  
  65  5:02  Zergling x4, Roach x2  
  65  5:03  Roach  
  74  5:12  Ravager x2  
  74  5:13  Ravager x2  
  78  5:21  Zergling x2  
  78  5:22  Zergling x4, Roach  
  78  5:24  Overlord  
  83  5:34  Overlord x2  
  83  5:35  Overlord x2  
  83  5:44  Overlord x2  
  83  5:49  Hydralisk Den  
  82  5:56  Roach x3  
  89  5:57  Roach  
  89  6:09  Extractor x2, Drone x4  
  89  6:10  Ravager  
  92  6:14  Drone  
  92  6:15  Drone  
  94  6:23  Drone x4  
  98  6:39  Hydralisk  
  98  6:40  Roach, Hydralisk  
  98  6:41  Roach x3  
  110  6:53  Ravager  
  111  6:57  Ravager  
  112  7:03  Hydralisk  
  114  7:11  Hatchery, Hydralisk x2  
  114  7:25  Hydralisk x2  
  114  7:26  Roach x3  
  110  7:38  Drone  
  110  7:39  Drone  
  110  7:40  Hydralisk  
  110  7:41  Hydralisk x2  
  112  7:52  Hydralisk x2  
  112  7:53  Hydralisk  
  118  8:03  Hydralisk x2  
  120  8:14  Hydralisk x2  
  120  8:17  Evolution Chamber x2  
  122  8:23  Queen  
  122  8:24  Drone  
  122  8:25  Drone x3, Hydralisk x2  
  132  8:29  Drone  
  132  8:30  Drone  
  113  8:42  Hydralisk  
  113  8:43  Hydralisk x2  
  113  8:44  Hydralisk  
  112  8:48  Overlord  
  110  9:02  Hydralisk x3  
  109  9:07  Overlord  
  106  9:24  Hydralisk x4  
  90  9:32  Hydralisk x2  
  86  9:42  Hydralisk x2  
Show
View Real Time Build Order
Export as new Build Order

JeanBond Zerg 

Build Orders:  

Get SALT Encoding   

Show
View Real Time Build Order
Export as new Build Order

Rolls Zerg 

Build Orders:  

Get SALT Encoding   

Tags
 
Add a new tag
Caveats
  • Supply blocks, unpowered buildings, or Contaminate may cause inaccurate times.
  • Supply counts are checked every 10 seconds.